 Dungeon Crawl Stone Soup version 0.21.1-1-g345015f (webtiles) character file.

6607 nicolaieve the Severer (level 10, -1/86 HPs)
             Began as a Minotaur Berserker on July 7, 2018.
             Was a High Priest of Trog.
             Slain by an ogre
             ... wielding a +0 giant club
              (21 damage)
             ... on level 8 of the Dungeon.
             The game lasted 00:37:17 (6282 turns).

nicolaieve the Severer (Minotaur Berserker)         Turns: 6282, Time: 00:37:17

Health: -1/86      AC: 15    Str: 26    XL:     10   Next: 71%
Magic:  0/9        EV: 11    Int:  1    God:    Trog [*****.]
Gold:   278        SH:  0    Dex:  9    Spells: 9/9 levels left

rFire    . . .     SeeInvis +   H - +4 battleaxe (freeze)
rCold    . . .     Gourm    .   (shield currently unavailable)
rNeg     . . .     Faith    .   i - +5 ring mail "Temotz" {+Blink +Inv Int-3}
rPois    .         Spirit   +   (helmet restricted)
rElec    .         Reflect  .   F - +0 cloak
rCorr    .         Harm     .   (no gloves)
MR       ++...                  (no boots)
Stlth    ..........             t - amulet of guardian spirit
HPRegen  1.24/turn              y - ring of see invisible
MPRegen  0.11/turn              l - +3 ring of protection

@: lethally poisoned (-1 -> -2), berserk cooldown, regenerating, slowed, very
slow
A: retaliatory headbutt, horns 2
a: Berserk, Trog's Hand, Brothers in Arms, Burn Spellbooks, Renounce Religion,
Evoke Blink, Evoke Invisibility


You were on level 8 of the Dungeon.
You worshipped Trog.
Trog was extremely pleased with you.
You were very hungry.

You visited 1 branch of the dungeon, and saw 8 of its levels.
You also visited: Sewer.

You collected 421 gold pieces.
You spent 143 gold pieces at shops.

Inventory:

Hand Weapons
 b - a +0 whip of flaming
 z - a +0 broad axe
 H - a +4 battleaxe of freezing (weapon)
 I - a +1 battleaxe of electrocution
Armour
 i - the +5 ring mail "Temotz" (worn) {+Blink +Inv Int-3}
   (You found it on level 5 of the Dungeon)

   It affects your intelligence (-3).
   It lets you turn invisible.
   It lets you blink.
 F - a +0 cloak (worn)
Jewellery
 k - an uncursed ring of resist corrosion
 l - a +3 ring of protection (right hand)
 t - an amulet of guardian spirit (around neck)
 y - a ring of see invisible (left hand)
Wands
 n - a wand of acid (11)
 B - a wand of disintegration (13)
 E - a wand of flame (34)
 K - a wand of random effects (11)
Scrolls
 g - 3 scrolls of immolation
 m - 3 scrolls of enchant armour
 o - 2 scrolls of magic mapping {unknown}
 p - a scroll of fear {unknown}
 q - 4 scrolls of teleportation
 u - 6 scrolls of remove curse
 v - a scroll of identify
 A - 2 scrolls of random uselessness {unknown}
 C - 2 scrolls of brand weapon {unknown}
 D - 2 scrolls of blinking {unknown}
 G - a scroll of enchant weapon {unknown}
 J - a scroll of fog
Potions
 d - a potion of curing
 e - a potion of heal wounds
 f - a potion of ambrosia {unknown}
 h - 2 potions of brilliance
 j - 5 potions of lignification
 r - a potion of resistance
 s - a potion of magic
 w - a potion of invisibility
 x - 4 potions of might
Comestibles
 a - 5 chunks of flesh
 c - 22 rations


   Skills:
 - Level 7.2 Fighting
 * Level 16.4 Axes
 - Level 7.1 Armour
 - Level 2.1 Dodging


You had 9 spell levels left.
You didn't know any spells.

Dungeon Overview and Level Annotations

Branches:
Dungeon (8/15)             Temple (0/1) D:4
   Lair: D:8-11

Altars:
Ashenzari
Dithmenos
Hepliaklqana
Nemelex Xobeh
Ru
Sif Muna
Trog
Uskayaw
Wu Jian
Xom
Yredelemnul
Zin

Shops:
D:6 %   D:8 =?([

Annotations:
D:8 TheNamelessOne's ghost, novice DgCj


Innate Abilities, Weirdness & Mutations

You reflexively headbutt those who attack you in melee.
You have a pair of horns on your head.


Message History

TheNamelessOne's ghost is almost destroyed.
You feel very sick.
TheNamelessOne's ghost hits you but does no damage. x2
The ogre completely misses you.
Unknown command.
Okay, then.
You feel better.
TheNamelessOne's ghost screams, "Zot is a myth, the ORB is a fable, you'll soon be a tale!"
TheNamelessOne's ghost hits you.
* * * LOW HITPOINT WARNING * * *
You are poisoned.
The ogre closely misses you.
You closely miss TheNamelessOne's ghost.
Your headbutt misses TheNamelessOne's ghost.
TheNamelessOne's ghost is almost destroyed.
You slash the ogre! You freeze the ogre.
You feel sick.
TheNamelessOne's ghost hits you but does no damage.
You are more poisoned.
The ogre hits you with a giant club!!
You die...

............)...##............###
#...............##...............
#..........................##....
#................................
#................................
#................................
#...............[................
#...............O................
#######...###...@W.........######
#...# #.............. #####
#.............. #..............
###############


You could see an ogre and TheNamelessOne's ghost.

Vanquished Creatures
  A centaur warrior (D:8)
  Pikel (D:4)
  Joseph (D:7)
  Eustachio (D:4)
  A wyvern (D:8)
  2 yaks (D:8)
  4 hogs (D:8)
  A human (D:8)
  3 porcupines (D:8)
  2 black bears (D:8)
  4 ice beasts
  3 phantoms
  A slave (D:4)
  3 ogres
  2 centaurs
  2 crocodiles (D:8)
  Blork the orc (D:4)
  5 bullfrogs
  4 scorpions
  5 wights (D:6)
  2 howler monkeys
  2 crimson imps
  A centaur zombie (D:6)
  2 quasits (D:6)
  3 bullfrog skeletons
  2 hounds
  6 orc priests
  A jelly (D:6)
  5 orc wizards
  A centaur skeleton (D:5)
  Terence (D:2)
  3 iguanas
  6 worker ants
  A hound zombie (D:5)
  3 worker ant zombies
  Robin (D:2)
  17 adders
  12 oozes
  4 worms
  A dart slug (D:2)
  14 leopard geckos
  25 orcs
  14 ball pythons
  6 bats
  18 giant cockroaches
  18 goblins
  11 hobgoblins
  16 jackals
  4 quokkas
  17 frilled lizards
  A giant cockroach zombie (D:5)
  8 kobolds
  7 rats
  3 plants (D:8)
283 creatures vanquished.

Vanquished Creatures (others)
  12 fungi (D:8)
  2 plants (D:8)
14 creatures vanquished.

Grand Total: 297 creatures vanquished

Notes
Turn   | Place    | Note
-------+----------+-------------------------------------------
     0 | D:1      | nicolaieve the Minotaur Berserker began the quest for the Orb.
     0 | D:1      | Reached XP level 1. HP: 19/19 MP: 0/0
   125 | D:1      | Reached skill level 4 in Axes
   138 | D:1      | Reached XP level 2. HP: 19/27 MP: 1/1
   646 | D:1      | Reached XP level 3. HP: 33/33 MP: 2/2
   723 | D:2      | Reached ** piety under Trog
   797 | D:2      | Reached skill level 5 in Axes
   958 | D:2      | Found a shimmering altar of Xom.
   995 | D:2      | Found a sparkling altar of Nemelex Xobeh.
  1030 | D:2      | Noticed Terence
  1036 | D:2      | Killed Terence
  1036 | D:2      | Reached XP level 4. HP: 40/40 MP: 3/3
  1134 | D:2      | Found a hide-covered altar of Uskayaw.
  1147 | D:2      | Noticed Robin
  1162 | D:2      | Killed Robin
  1162 | D:2      | Reached skill level 6 in Axes
  1449 | D:3      | Reached XP level 5. HP: 41/46 MP: 4/4
  1483 | D:3      | Reached *** piety under Trog
  1668 | D:3      | Noticed an ice beast
  1678 | D:3      | Killed an ice beast
  1678 | D:3      | Reached skill level 7 in Axes
  1678 | D:3      | Reached XP level 6. HP: 45/53 MP: 5/5
  1731 | D:3      | Found a shattered altar of Ashenzari.
  2296 | D:4      | Noticed Blork the orc
  2301 | D:4      | Reached skill level 8 in Axes
  2316 | D:4      | Killed Blork the orc
  2316 | D:4      | Reached XP level 7. HP: 27/60 MP: 2/6
  2398 | D:4      | Found a staircase to the Ecumenical Temple.
  2437 | D:4      | Noticed Pikel
  2454 | D:4      | Killed Pikel
  2454 | D:4      | Reached skill level 5 in Fighting
  2454 | D:4      | Reached skill level 9 in Axes
  2454 | D:4      | Reached skill level 5 in Armour
  2495 | D:4      | Reached XP level 8. HP: 37/69 MP: 5/7
  2607 | D:4      | Noticed Eustachio
  2623 | D:4      | Killed Eustachio
  2623 | D:4      | Reached skill level 10 in Axes
  2944 | D:5      | Entered Level 5 of the Dungeon
  2960 | D:5      | Found a glowing drain.
  2989 | Sewer    | Entered a sewer
  3061 | Sewer    | Reached **** piety under Trog
  3279 | Sewer    | Reached skill level 11 in Axes
  3325 | Sewer    | Reached ***** piety under Trog
  3578 | D:5      | Reached XP level 9. HP: 54/77 MP: 8/8
  3599 | D:5      | Got an ichor-stained ring mail
  3610 | D:5      | Identified the +5 ring mail "Temotz" {+Blink +Inv Int-3} (You found it on level 5 of the Dungeon)
  3652 | D:5      | Reached skill level 12 in Axes
  4162 | D:6      | Received a gift from Trog
  4363 | D:6      | Found Sieneine's Food Boutique.
  4370 | D:6      | Found a shadowy altar of Dithmenos.
  4498 | D:6      | Reached skill level 13 in Axes
  4944 | D:7      | Found a sacrificial altar of Ru.
  4944 | D:7      | Found a bloodstained altar of Trog.
  5114 | D:7      | Noticed Joseph
  5124 | D:7      | Killed Joseph
  5124 | D:7      | Reached skill level 14 in Axes
  5318 | D:7      | Found a hazy altar of Hepliaklqana.
  5321 | D:7      | Found an ornate altar of the Wu Jian Council.
  5324 | D:7      | Found a glowing silver altar of Zin.
  5368 | D:7      | Found a deep blue altar of Sif Muna.
  5628 | D:8      | Found Fuint's Jewellery Boutique.
  5636 | D:8      | Reached XP level 10. HP: 72/86 MP: 7/9
  5651 | D:8      | Noticed a centaur warrior
  5693 | D:8      | Found Hyili's Magic Scroll Boutique.
  5708 | D:8      | Reached skill level 15 in Axes
  5747 | D:8      | Bought a scroll of identify for 26 gold pieces
  5747 | D:8      | Bought a scroll of fog for 26 gold pieces
  5747 | D:8      | Bought a scroll of identify for 26 gold pieces
  5747 | D:8      | Bought a scroll of identify for 26 gold pieces
  5747 | D:8      | Bought a scroll of teleportation for 39 gold pieces
  5864 | D:8      | Noticed TheNamelessOne's ghost (novice DgCj)
  5996 | D:8      | Found Goid's Armour Emporium.
  6010 | D:8      | Found Fuarouph's Antique Weapon Emporium.
  6067 | D:8      | Killed a centaur warrior
  6067 | D:8      | Reached skill level 16 in Axes
  6124 | D:8      | Found a basalt altar of Yredelemnul.
  6282 | D:8      | Slain by an ogre

Skill      XL: |  1  2  3  4  5  6  7  8  9 10 |
---------------+-------------------------------+-----
Axes           | 4 5 6 7 8 9 11 14 16 | 16.4
Fighting       | 4 5 6 7 |  7.2
Armour         | 3 4 5 6 7 |  7.1
Dodging        | |  2.1

Action                   |  1- 3 |  4- 6 |  7- 9 | 10-12 || total
-------------------------+-------+-------+-------+-------++-------
Melee: Hand axe          |    69 |   166 |   319 |       ||   554
       Headbutt          |    10 |    22 |    70 |    15 ||   117
       Broad axe         |       |       |    39 |       ||    39
       Battleaxe         |       |       |    25 |    80 ||   105
Invok: Berserk           |       |     3 |     3 |     3 ||     9
       Trog's Hand       |       |       |     1 |     2 ||     3
  Use: Scroll            |       |       |     8 |     6 ||    14
       Potion            |       |       |       |     1 ||     1
  Eat: Chunk             |       |     7 |    14 |     2 ||    23
       Ration            |       |       |       |     1 ||     1
Armor: Animal skin       |     3 |       |       |       ||     3
       Ring mail         |    14 |    56 |   162 |    30 ||   262
Dodge: Dodged            |    33 |   100 |   217 |    35 ||   385
